 Dungeon Crawl Stone Soup version 0.29-a0-878-g7b45a56547 (webtiles) character file.

Game seed: 9584134830204635554

137 quixfox the Digger (level 5, -12/28 HPs)
             Began as a Gargoyle Earth Elementalist on July 20, 2022.
             Killed by divine providence
             ... invoked by an orc priest
              (13 damage)
             ... on level 3 of the Dungeon.
             The game lasted 00:04:28 (2134 turns).

quixfox the Digger (Gargoyle Earth Elementalist)    Turns: 2134, Time: 00:04:29

Health: -12/28     AC:  6    Str: 11    XL:     5   Next: 20%
Magic:  18/19      EV: 15    Int: 18    God:
Gold:   111        SH:  0    Dex: 10    Spells: 5/11 levels left

rFire   . . .      SeeInvis .   d - +0 dagger (holy)
rCold   . . .      Faith    .   (no shield)
rNeg    + . .      Spirit   .   a - +0 robe
rPois   ∞          Reflect  .   (no helmet)
rElec   +          Harm     .   (no cloak)
rCorr   .          Rampage  .   (no gloves)
Will    .....                   (no boots)
Stlth   ++........              (no amulet)
HPRegen 0.09/turn               p - ring of magical power
MPRegen 0.16/turn               o - +4 ring of evasion

@: about to teleport
A: sickness immunity, AC +4, negative energy resistance 1, electricity
resistance, torment resistance 1, petrification resistance
a: no special abilities


You were on level 3 of the Dungeon.
You visited 1 branch of the dungeon, and saw 3 of its levels.

You collected 111 gold pieces.

Inventory:

Hand Weapons
 d - a +0 dagger of holy wrath (weapon)
Armour
 a - a +0 robe (worn)
Jewellery
 k - a +4 ring of protection
 o - a +4 ring of evasion (right hand)
 p - a ring of magical power (left hand)
Wands
 r - a wand of charming (13)
Scrolls
 e - 5 scrolls of identify
 f - 3 scrolls of teleportation
 g - a scroll of brand weapon {unknown}
 j - 2 scrolls of vulnerability {unknown}
 l - a scroll of fog {unknown}
 q - a scroll of fear {unknown}
Potions
 b - a potion of magic
 c - a potion of brilliance {unknown}
 h - 2 potions of lignification {unknown}
 i - 3 potions of mutation {unknown}
 m - 2 potions of heal wounds {unknown}
 n - a potion of flight {unknown}


   Skills:
 - Level 1.5 Dodging
 - Level 2.1 Stealth
 + Level 3.5 Spellcasting
 + Level 1.1 Conjurations
 - Level 0.7 Transmutations
 + Level 5.4 Earth Magic


You had 5 spell levels left.
You knew the following spells:

 Your Spells              Type           Power      Damage    Failure   Level
a - Sandblast             Erth           44%        2d11      1%          1
b - Passwall              Tmut/Erth      11%        N/A       7%          2
c - Stone Arrow           Conj/Erth      30%        3d8       12%         3

Your spell library contained the following spells:

 Spells                   Type           Power      Damage    Failure   Level
 Petrify                  Tmut/Erth      14%        N/A       41%         4
 Inner Flame              Hex/Fire       3%         N/A       43%         3
 Cause Fear               Hex            1%         N/A       83%         4
 Discord                  Hex            1%         N/A       100%        8


Dungeon Overview and Level Annotations

Branches:
Dungeon (3/15)

Altars:

Annotations:
D:3 Sigmund


Innate Abilities, Weirdness & Mutations

You are immune to sickness and miasma.
Your stone body is resilient. (AC +4)
You are immune to poison.
You resist negative energy. (rN+)
You are resistant to electric shocks. (rElec)
You are resistant to unholy torment.
You are immune to petrification.


Message History

You now have 111 gold pieces (gained 13).
Found 11 gold pieces.
You see here an orb of light.
m - 2 emerald potions (gained 1)
q - a scroll labelled EFIF ISENE
r - a wand of charming (13)
An orc wizard comes into view. It is wielding a +0 dagger.
The orc wizard shouts!
You hear a shout!
The orc wizard gestures at you while chanting.
The magic dart hits you. 2 orcs come into view.
Sigmund the Dreaded comes into view.
He is wielding a +6 scythe of venom.
An orc priest comes into view. It is wielding a +0 flail.
The blast of sand misses the orc wizard.
Sigmund shouts!
The orc shouts!
The orc priest calls down the wrath of Beogh upon you.
Beogh smites you!
The blast of sand hits the orc wizard!
The orc wizard is severely wounded.
The orc priest calls upon Beogh to heal the orc wizard.
The orc wizard is healed somewhat.
The orc wizard misses you. The orc wizard casts a spell at you.
The magic dart hits you.
You are too injured to fight recklessly!
The orc wizard casts a spell at you. You resist with some effort.
As you read the scroll labelled BIPSALE UKLYF, it crumbles to dust.
It is a scroll of identify.
f - 4 scrolls of teleportation Sigmund misses you.
As you read the scroll of teleportation, it crumbles to dust.
You feel strangely unstable. The orc wizard misses you.
The orc wizard attacks as you move away!
The orc wizard misses you.
The orc priest invokes the aid of Beogh against you.
Beogh smites you!
* * * LOW HITPOINT WARNING * * *
The orc priest calls down the wrath of Beogh upon you.
Beogh smites you!
You die...

.... ... . ....# ..
.. .....#####o##...
............#..
##.......#...#
#.........#
#...@oo...### .....
#....o.......≈.≈≈≈≈≈
#..@.$.####..≈≈..:..
#......# #≈≈≈.≈≈≈≈≈≈
#......# ≈≈≈.≈≈≈.≈≈
#......####.†.≈....≈
#.......[.##.#≈.....
#.........##.#..<..÷
#...................
##.......[....).....
#......######†.....


You could see Sigmund, an orc priest, an orc wizard and 2 orcs.

Vanquished Creatures
  5 adders
  3 worms (D:2)
  4 dart slugs
  5 orcs
  6 bats
  7 endoplasms
  6 giant cockroaches
  10 goblins
  4 hobgoblins
  2 quokkas (D:1)
  4 ball pythons
  7 frilled lizards
  2 kobolds
  2 rats
67 creatures vanquished.

Vanquished Creatures (others)
  A demonic plant (D:1)
1 creature vanquished.

Grand Total: 68 creatures vanquished

Notes
Turn   | Place    | Note
-------+----------+-------------------------------------------
     0 | D:1      | quixfox the Gargoyle Earth Elementalist began the quest for
                  | the Orb.
     0 | D:1      | Reached XP level 1. HP: 10/10 MP: 3/3
    74 | D:1      | Reached skill level 4 in Earth Magic
    74 | D:1      | Reached XP level 2. HP: 14/15 MP: 0/5
   507 | D:1      | Reached XP level 3. HP: 19/19 MP: 4/7
   913 | D:1      | Found a faded altar of an unknown god.
   913 | D:1      | Noticed an Executioner
  1278 | D:2      | Reached XP level 4. HP: 24/24 MP: 5/8
  1340 | D:2      | Reached skill level 5 in Earth Magic
  1406 | D:2      | Learned a level 2 spell: Passwall
  1410 | D:2      | Learned a level 3 spell: Stone Arrow
  1935 | D:3      | Reached skill level 1 in Conjurations
  1935 | D:3      | Reached XP level 5. HP: 28/28 MP: 6/10
  2127 | D:3      | Noticed Sigmund
  2133 | D:3      | HP: 1/28 [orc priest/divine providence (10)]
  2134 | D:3      | Killed from afar by an orc priest

Illustrated notes

Levels and vault maps discovered:
D:1:      amcnicky_arrival_wind_blow, layout_loops_ring,
          dreamdust_ecumenical_altar_sealed_demon
D:2:      layout_rooms
D:3:      layout_rooms, chequers_serial_rivers_small_3, uniq_sigmund

Skill      XL: |  1  2  3  4 |
---------------+-------------+-----
Earth Magic    | 4 5 |  5.4
Spellcasting   | 3 |  3.5
Conjurations   | 1 |  1.1
Dodging        | |  1.5
Stealth        | |  2.1
Transmutations | |  0.7

Action                   |  1- 3 |  4- 6 || total
-------------------------+-------+-------++-------
 Cast: Sandblast         |    51 |    51 ||   102
  Use: Scroll            |       |     2 ||     2
Armor: Robe              |     6 |    16 ||    22
Dodge: Dodged            |    12 |    20 ||    32

Table legend: (Time is in decaauts)
 A = Elapsed time spent in this place.
 B = Non-inter-level travel time spent in this place.
 C = Inter-level travel time spent in this place.
 D = Time resting spent in this place.
 E = Time spent auto-exploring this place.
 F = Levels seen in this place.
 G = Mean time per level.
                   A        B        C        D        E       F      G
               +--------+--------+--------+--------+--------+-----+--------+
         Total |   2238 |   2172 |     66 |    299 |   1460 |   3 |  746.0 |
       Dungeon |   2238 |   2172 |     66 |    299 |   1460 |   3 |  746.0 |
               +--------+--------+--------+--------+--------+-----+--------+

Top non-repeatable levels by time:
     D:1: 1185 daAuts
     D:2: 654 daAuts
     D:3: 397 daAuts
